Map: Ephemeron LE

Players

SergeantMeow - Winner!

  • Race: Zerg Zerg
  • League: Master
  • Spawn Location: 5:00

Mez

  • Race: Terran Terran
  • League: Master
  • Spawn Location: 11:00

VOD

Have the link to the VOD?

Description

Time

  • Played on: Sept. 4, 2019, 4:26 a.m.
  • Length: 17:25
Show
View Real Time Build Order
Export as new Build Order

SergeantMeow Zerg - Winner!

Build Orders: Pool First, Muta Ling Bane 

Get SALT Encoding   

  12  0:01  Drone  
  13  0:13  Overlord  
  13  0:17  Drone  
  14  0:31  Drone  
  14  0:32  Drone  
  16  0:42  Spawning Pool  
  15  0:45  Drone  
  16  0:50  Drone  
  17  1:11  Hatchery  
  16  1:18  Drone  
  17  1:29  Zergling x6  
  17  1:31  Extractor  
  19  1:36  Queen  
  21  1:40  Zergling x2  
  22  1:55  Overlord  
  22  2:15  Queen  
  22  2:16  Drone  
  22  2:17  Drone  
  26  2:24  Drone x2  
  27  2:35  Drone x2  
  29  2:38  Metabolic Boost  
  28  2:49  Queen  
  29  2:52  Drone x2  
  29  2:53  Drone x2  
  32  3:00  Overlord  
  32  3:10  Zergling x6  
  35  3:14  Lair  
  35  3:21  Drone x2  
  35  3:26  Extractor  
  36  3:29  Extractor  
  36  3:30  Drone x4  
  39  3:39  Drone x2  
  41  3:42  Drone  
  42  3:49  Zergling x2  
  42  3:55  Overlord  
  43  3:59  Drone  
  44  4:17  Spire  
  44  4:18  Overseer  
  44  4:22  Baneling Nest  
  42  4:28  Hatchery  
  42  4:29  Drone  
  42  4:30  Drone x5  
  47  4:39  Drone x3  
  47  4:40  Drone  
  47  4:43  Extractor  
  50  4:50  Drone x2  
  52  5:00  Overlord x2  
  52  5:02  Overlord x2  
  52  5:07  Centrifical Hooks  
  52  5:12  Baneling x4  
  50  5:22  Spore Crawler  
  48  5:32  Mutalisk x3  
  53  5:38  Mutalisk  
  51  5:44  Spore Crawler  
  51  5:47  Drone x3  
  52  5:53  Zergling x4  
  54  6:01  Mutalisk  
  54  6:02  Mutalisk  
  58  6:05  Drone  
  59  6:13  Drone x4  
  59  6:17  Drone x2  
  65  6:21  Mutalisk  
  65  6:24  Baneling  
  65  6:25  Drone x2  
  69  6:31  Drone x3  
  72  6:39  Drone x4  
  76  6:48  Drone x5  
  76  6:52  Baneling x3  
  81  6:58  Zergling x8  
  85  7:02  Overseer x2  
  85  7:10  Zergling x10  
  90  7:22  Overlord  
  90  7:23  Overlord x3  
  90  7:27  Evolution Chamber  
  90  7:29  Evolution Chamber  
  88  7:36  Overlord  
  88  7:42  Zergling x2  
  88  7:43  Zergling x14  
  96  7:47  Baneling x2  
  96  7:48  Baneling x4  
  96  7:51  Mutalisk x2  
  96  7:53  Zerg Ground Armor Level 1  
  100  8:03  Zergling x4  
  100  8:04  Zergling x14  
  109  8:13  Zerg Melee Weapons Level 1  
  109  8:16  Mutalisk x3  
  115  8:21  Baneling x2  
  115  8:27  Mutalisk x3  
  115  8:28  Overlord  
  115  8:30  Drone x2  
  115  8:32  Extractor  
  115  8:33  Extractor  
  115  8:34  Hatchery  
  103  9:04  Zergling x2  
  103  9:05  Zergling x4  
  93  9:12  Zergling x4  
  93  9:13  Zergling x16  
  97  9:17  Mutalisk  
  97  9:18  Mutalisk x2  
  100  9:25  Mutalisk x3  
  100  9:30  Zerg Flyer Weapons Level 1  
  104  9:32  Drone x3  
  104  9:38  Mutalisk  
  106  9:39  Hatchery  
  107  9:46  Mutalisk  
  107  9:48  Zergling x4  
  111  9:54  Drone  
  111  9:55  Queen x2  
  116  10:00  Overlord x2  
  112  10:15  Mutalisk x3  
  112  10:17  Drone x3  
  121  10:24  Baneling x5  
  121  10:26  Zergling x2  
  121  10:27  Zergling x4  
  123  10:29  Zerg Melee Weapons Level 2  
  123  10:38  Zergling x6  
  126  10:48  Zerg Ground Armor Level 2  
  126  10:50  Zergling x10  
  126  10:56  Zergling x24  
  143  11:02  Queen  
  143  11:03  Overlord x3  
  145  11:08  Baneling x6  
  146  11:11  Zergling x6  
  146  11:12  Zergling x4  
  146  11:17  Mutalisk x2  
  146  11:18  Mutalisk x2  
  156  11:25  Zergling x14, Hatchery  
  158  11:29  Queen  
  158  11:31  Overlord  
  166  11:33  Baneling x2  
  166  11:34  Baneling x5  
  166  11:36  Mutalisk  
  166  11:37  Overlord  
  168  11:51  Drone x14  
  182  11:55  Drone x2  
  182  11:58  Baneling  
  184  12:03  Infestation Pit, Zergling x12  
  184  12:04  Zergling x2  
  184  12:07  Baneling  
  184  12:08  Baneling x2  
  190  12:12  Zergling x8  
  190  12:13  Zergling x4  
  190  12:14  Baneling x2  
  196  12:27  Baneling x3  
  196  12:33  Overlord  
  196  12:35  Baneling x10  
  196  12:45  Pneumatized Carapace  
  196  12:47  Hive  
  193  13:36  Burrow  
  193  13:46  Baneling x3  
  193  13:49  Baneling  
  193  13:50  Baneling x6  
  193  14:00  Extractor x2  
  191  14:19  Adrenal Glands  
  191  14:21  Zerg Melee Weapons Level 3, Zerg Ground Armor Level 3, Ultralisk Cavern  
  188  14:31  Hatchery  
  188  14:32  Hatchery  
  172  15:16  Ultralisk x4  
  194  15:21  Baneling  
  194  15:22  Baneling x10  
  182  15:45  Zergling x10  
  182  15:46  Zergling x36  
  199  15:54  Chitinous Plating  
  198  16:01  Zergling x2  
  198  16:02  Zergling x2  
  200  16:07  Overlord  
  199  16:28  Baneling x2  
  184  16:33  Zergling x2  
  184  16:34  Zergling x24  
  184  16:35  Zergling x2  
  184  16:37  Zergling x2  
  184  16:38  Zergling x16  
  198  16:42  Zergling x2  
  198  16:44  Zergling x16  
  198  16:45  Zergling x50  
  198  16:46  Zergling x2  
  195  16:56  Zergling x6  
  195  16:57  Zergling x4  
  195  16:59  Baneling  
  195  17:00  Baneling x5  
Show
View Real Time Build Order
Export as new Build Order

Mez Terran 

Build Orders: Liberator Opening, Reaper Expand 

Get SALT Encoding   

  12  0:00  SCV  
  13  0:13  SCV  
  14  0:19  Supply Depot  
  14  0:25  SCV  
  15  0:40  SCV  
  16  0:42  Barracks  
  16  0:44  Refinery  
  16  0:52  SCV  
  17  1:05  SCV  
  18  1:17  SCV  
  19  1:30  Orbital Command, Reaper  
  20  1:44  Command Center  
  20  1:52  Supply Depot  
  20  1:56  SCV  
  21  2:05  Marine  
  21  2:15  SCV, Factory  
  22  2:26  Barracks Reactor  
  20  2:44  SCV  
  21  2:56  SCV  
  22  2:59  Refinery  
  22  3:07  Starport  
  22  3:09  SCV  
  22  3:12  Hellion x2  
  27  3:15  Barracks Tech Lab  
  27  3:21  Orbital Command  
  27  3:27  SCV  
  27  3:33  Hellion x2  
  32  3:35  Marine  
  32  3:39  SCV  
  32  3:40  Liberator  
  34  3:44  Supply Depot  
  34  3:51  SCV  
  34  3:53  SCV  
  34  3:55  Hellion x2  
  40  4:01  Marine  
  44  4:03  SCV  
  44  4:05  SCV  
  46  4:12  Supply Depot  
  46  4:15  SCV  
  47  4:27  SCV x2  
  48  4:39  Factory Reactor  
  48  4:40  Barracks  
  48  4:42  SCV x2  
  48  4:43  Barracks  
  50  4:51  Starport Reactor, Stimpack  
  50  4:52  Marine  
  51  4:54  SCV  
  51  4:58  Command Center  
  52  5:06  SCV x2  
  54  5:15  Supply Depot  
  54  5:18  Marine, SCV  
  54  5:19  SCV  
  57  5:25  Engineering Bay x2  
  57  5:27  Factory Reactor  
  57  5:33  SCV x2  
  48  5:47  Marine  
  48  5:48  Marine x2  
  51  5:52  Terran Infantry Armor Level 1, Medivac, Terran Infantry Weapons Level 1  
  51  5:53  Medivac  
  51  5:55  Refinery  
  51  5:57  Refinery  
  55  6:00  Missile Turret  
  55  6:01  Barracks  
  55  6:02  Barracks, Missile Turret  
  55  6:09  Supply Depot  
  55  6:10  Orbital Command  
  55  6:11  Marine  
  55  6:12  Marine x2  
  58  6:19  Widow Mine  
  58  6:20  Supply Depot  
  58  6:25  SCV x2  
  62  6:29  Marine x2  
  64  6:35  Widow Mine  
  64  6:37  Combat Shield  
  64  6:38  Missile Turret  
  65  6:48  Marine x2  
  65  6:49  Marine x2  
  65  6:50  Missile Turret  
  69  7:00  Widow Mine  
  69  7:01  Widow Mine  
  73  7:02  SCV x2  
  75  7:09  Orbital Command  
  75  7:11  Supply Depot  
  75  7:13  Supply Depot  
  75  7:14  Armory  
  73  7:22  Widow Mine x2  
  73  7:25  SCV x2  
  73  7:28  Missile Turret  
  75  7:34  SCV  
  74  7:37  SCV x2  
  76  7:47  SCV  
  76  7:49  SCV, Barracks Reactor x2, Widow Mine x2  
  82  7:51  Marine  
  82  7:57  Missile Turret  
  78  8:10  SCV x3  
  81  8:13  Terran Infantry Armor Level 2, Terran Infantry Weapons Level 2  
  81  8:15  Widow Mine x2  
  81  8:19  Factory  
  85  8:22  SCV x3  
  85  8:26  Marine x2  
  85  8:27  Marine x7  
  90  8:33  Medivac  
  90  8:34  SCV x2, Medivac  
  103  8:44  Marine x2  
  96  9:09  Marine x9  
  76  9:12  SCV x2  
  58  9:27  Marine x9  
  58  9:29  Missile Turret  
  65  9:31  Orbital Command  
  65  9:33  Widow Mine  
  65  9:34  Factory Tech Lab, Widow Mine  
  69  9:44  Marine  
  69  9:45  Marine x5  
  73  9:48  SCV x2  
  73  9:49  Marine  
  76  10:00  SCV x2  
  78  10:08  Supply Depot  
  78  10:12  SCV x2  
  75  10:17  Marine x8, Missile Turret  
  79  10:22  SCV  
  79  10:24  SCV x2  
  82  10:36  SCV  
  82  10:38  SCV x2  
  85  10:48  SCV  
  86  10:50  SCV x2  
  88  10:59  Marine x7  
  88  11:00  SCV  
  88  11:02  SCV  
  88  11:03  Drilling Claws  
  97  11:20  Medivac x2  
  97  11:24  Refinery  
  101  11:28  Thor  
  101  11:30  Missile Turret  
  107  11:34  Marine  
  107  11:35  Marine  
  109  11:43  Supply Depot  
  109  11:44  Supply Depot  
  109  11:52  Missile Turret  
  109  12:02  Marine x4  
  109  12:03  SCV x3  
  109  12:05  Medivac, Widow Mine x2  
  109  12:07  Medivac  
  124  12:15  SCV x2  
  126  12:16  Supply Depot  
  126  12:17  Terran Infantry Weapons Level 3  
  126  12:18  Supply Depot  
  125  12:26  Thor  
  132  12:30  SCV x2  
  133  12:38  SCV  
  133  12:43  Marine x5  
  133  12:44  Marine x4  
  143  12:47  Supply Depot  
  143  12:54  Supply Depot  
  143  12:58  SCV  
  143  12:59  SCV x2  
  146  13:08  Marine  
  146  13:09  Marine x8  
  146  13:10  SCV  
  156  13:13  Supply Depot  
  156  13:17  Supply Depot  
  156  13:22  Thor  
  156  13:24  Widow Mine  
  156  13:26  Widow Mine  
  161  13:41  Command Center, SCV x3, Refinery  
  164  13:46  Medivac x2  
  164  13:50  Widow Mine x2  
  164  13:53  SCV  
  169  14:07  Supply Depot  
  169  14:08  Supply Depot  
  169  14:14  Marine  
  169  14:15  Marine x7  
  177  14:43  Widow Mine x3  
  177  14:44  Marine  
  177  14:45  Marine x7  
  191  14:54  Barracks  
  191  14:55  Barracks x2, Refinery  
  171  15:20  Marine x2  
  171  15:21  Marine x3  
  176  15:22  Thor, Widow Mine  
  176  15:23  Widow Mine  
  186  15:31  Starport  
  186  15:32  Starport  
  184  15:56  Missile Turret  
  184  15:57  Planetary Fortress  
  184  15:58  Missile Turret  
  184  16:05  Liberator, Command Center  
  184  16:16  Marauder, Barracks Tech Lab  
  186  16:20  Marine x4  
  186  16:21  Barracks Tech Lab x2  
  186  16:24  Starport Reactor  
  177  16:37  Marauder  
  151  16:42  Marauder  
  111  16:51  Marine x3, Marauder  
  111  16:52  Marauder  
  102  16:54  Marine  
  102  16:55  Marine  
  102  16:59  Marauder  
  102  17:00  Marine x2  
  97  17:03  Marauder  
Tags
 
Add a new tag
Caveats
  • Supply blocks, unpowered buildings, or Contaminate may cause inaccurate times.
  • Supply counts are checked every 10 seconds.